Map: Rainfall LE

Players

dawderu - Winner!

  • Race: Terran Terran
  • League: Master
  • Spawn Location: 5:00

Zerazzt

  • Race: Protoss Protoss
  • League: Diamond
  • Spawn Location: 11:00

VOD

Have the link to the VOD?

Description

Time

  • Played on: July 20, 2026, 9:46 a.m.
  • Length: 12:25
Show
View Real Time Build Order
Export as new Build Order

dawderu Terran - Winner!

Build Orders: Mech 

Get SALT Encoding   

  8  0:00  SCV  
  9  0:13  SCV  
  10  0:25  SCV  
  11  0:30  Supply Depot  
  11  0:37  SCV  
  12  0:49  SCV  
  13  1:01  SCV  
  14  1:13  SCV  
  14  1:16  Command Center  
  15  1:25  SCV  
  16  1:32  Barracks  
  16  1:37  SCV  
  17  1:44  Refinery  
  17  1:53  SCV  
  18  2:05  SCV  
  19  2:21  Marine  
  20  2:23  Orbital Command  
  20  2:26  Refinery  
  20  2:28  Orbital Command  
  20  2:39  Marine  
  21  2:48  Bunker  
  21  2:49  Orbital Command  
  21  2:51  SCV  
  22  2:56  Factory  
  22  3:03  SCV  
  23  3:06  Barracks Tech Lab  
  23  3:15  SCV  
  24  3:20  Supply Depot  
  24  3:22  SCV  
  25  3:27  SCV  
  26  3:34  SCV  
  27  3:42  Command Center, SCV  
  27  3:44  Engineering Bay  
  28  3:49  Starport  
  28  3:52  SCV  
  29  3:58  Cyclone  
  29  4:00  SCV  
  33  4:07  SCV  
  33  4:09  Barracks Tech Lab  
  34  4:13  Starport, SCV  
  35  4:19  SCV  
  36  4:25  Refinery  
  36  4:26  SCV  
  36  4:31  Refinery, SCV  
  37  4:38  SCV  
  39  4:43  SCV  
  39  4:44  Raven  
  42  4:50  Cloaking Field, Barracks Tech Lab  
  42  4:54  SCV x2  
  42  4:56  SCV  
  45  5:06  SCV  
  46  5:09  Command Center  
  46  5:13  Siege Tank  
  49  5:18  Banshee  
  52  5:28  Banshee  
  55  5:37  Command Center  
  55  5:39  Supply Depot  
  55  5:41  Supply Depot  
  55  5:52  Supply Depot  
  55  5:53  Factory  
  55  6:01  SCV x2, Siege Tank  
  55  6:03  Banshee  
  63  6:11  Banshee  
  66  6:19  Planetary Fortress  
  66  6:21  SCV x2  
  66  6:24  Orbital Command  
  68  6:26  Refinery  
  68  6:27  Refinery  
  68  6:33  SCV x2  
  68  6:34  Siege Tank  
  68  6:38  Factory Tech Lab  
  73  6:45  SCV x2  
  73  6:46  Banshee  
  78  6:52  Orbital Command, SCV  
  79  6:55  SCV  
  79  6:57  Banshee, SCV  
  81  7:12  Armory  
  78  7:17  Siege Tank  
  78  7:18  Siege Tank  
  78  7:22  Orbital Command  
  84  7:33  SCV  
  84  7:34  Factory  
  85  7:43  Orbital Command, Command Center  
  85  7:45  Banshee x2  
  85  7:46  Refinery  
  85  7:47  Supply Depot  
  85  7:50  Refinery, SCV  
  92  7:53  Factory  
  92  7:57  SCV x2  
  94  8:01  SCV  
  95  8:15  Siege Tank  
  95  8:19  Factory Tech Lab  
  98  8:20  SCV  
  98  8:22  SCV x3  
  98  8:23  Thor  
  98  8:25  Terran Vehicle Weapons Level 1  
  108  8:27  Armory  
  108  8:28  Banshee, Raven  
  108  8:29  Interference Matrix  
  113  8:48  Supply Depot, Command Center  
  113  8:54  Command Center  
  113  8:55  Thor, SCV x5  
  124  8:58  Supply Depot  
  124  8:59  Supply Depot  
  124  9:01  Factory Tech Lab  
  124  9:04  Factory Reactor  
  124  9:05  Factory  
  124  9:06  Infernal Pre-Igniter  
  124  9:09  Thor  
  130  9:11  Supply Depot  
  130  9:19  SCV  
  130  9:20  Thor  
  130  9:21  Banshee  
  140  9:27  Terran Vehicle And Ship Armor Level 1  
  140  9:30  Raven  
  142  9:32  SCV  
  142  9:35  SCV  
  146  9:38  Hellion  
  146  9:39  Planetary Fortress  
  146  9:40  SCV  
  146  9:44  Hellion x2  
  151  9:52  Factory Tech Lab, Hellion  
  153  10:03  Supply Depot  
  153  10:04  Raven  
  153  10:05  Thor x2  
  171  10:07  Hellion x2  
  171  10:13  Thor  
  177  10:16  Hellion  
  179  10:21  Raven  
  179  10:25  SCV  
  179  10:28  Supply Depot, Hellion x2  
  186  10:30  Engineering Bay, SCV  
  187  10:38  Hellion  
  189  10:44  Refinery  
  189  10:46  Raven  
  189  10:48  Thor, Hellion  
  199  10:56  Orbital Command  
  199  10:58  SCV  
  200  11:11  Command Center  
  200  11:14  Refinery  
  200  11:17  Command Center  
  195  11:29  Thor x2  
  193  11:39  Thor x2, Hellion  
Show
View Real Time Build Order
Export as new Build Order

Zerazzt Protoss 

Build Orders: Double Forge, Carriers 

Get SALT Encoding   

  8  0:00  Probe (Chrono Boost)  
  9  0:12  Probe (Chrono Boost)  
  10  0:20  Probe (Chrono Boost)  
  11  0:26  Probe  
  12  0:34  Pylon  
  12  0:38  Probe  
  13  0:52  Probe  
  13  0:55  Gateway  
  14  1:04  Probe (Chrono Boost)  
  14  1:08  Assimilator  
  15  1:16  Probe (Chrono Boost)  
  16  1:22  Probe (Chrono Boost)  
  17  1:30  Probe  
  18  1:42  Probe  
  19  1:52  Nexus  
  19  2:03  Cybernetics Core  
  19  2:04  Probe  
  20  2:14  Pylon  
  20  2:17  Probe  
  20  2:22  Assimilator  
  21  2:32  Probe  
  22  2:40  Stalker, Warp Gate  
  24  2:44  Probe (Chrono Boost)  
  25  2:55  Probe (Chrono Boost)  
  26  3:02  Probe (Chrono Boost)  
  26  3:04  Probe (Chrono Boost)  
  28  3:10  Stalker  
  32  3:14  Probe x2 (Chrono Boost)  
  32  3:22  Probe (Chrono Boost)  
  32  3:24  Probe (Chrono Boost)  
  32  3:25  Robotics Facility  
  34  3:27  Probe (Chrono Boost)  
  34  3:31  Probe  
  36  3:36  Pylon  
  36  3:37  Probe, Sentry  
  39  3:43  Probe  
  39  3:48  Pylon  
  40  3:49  Probe  
  41  3:55  Probe  
  41  3:59  Gateway  
  41  4:02  Probe (Chrono Boost)  
  43  4:08  Probe (Chrono Boost), Pylon  
  44  4:11  Twilight Council  
  44  4:13  Observer  
  46  4:19  Probe x2 (Chrono Boost)  
  49  4:24  Probe (Chrono Boost)  
  49  4:25  Probe (Chrono Boost)  
  49  4:28  Stalker  
  51  4:32  Assimilator  
  51  4:34  Probe, Observer  
  51  4:37  Probe  
  54  4:40  Forge  
  54  4:41  Forge  
  54  4:47  Probe, Pylon  
  54  4:49  Charge (Chrono Boost), Probe  
  56  5:02  Assimilator  
  56  5:03  Zealot x2  
  60  5:11  Probe x2, Robotics Bay  
  62  5:27  Nexus  
  61  5:28  Pylon  
  61  5:30  Stargate  
  61  5:31  Probe x2  
  63  5:41  Zealot  
  63  5:42  Stalker  
  67  5:43  Probe x2  
  67  5:44  Observer  
  70  5:55  Probe x2  
  72  6:12  Zealot x2  
  72  6:13  Protoss Air Weapons Level 1 (Chrono Boost)  
  72  6:14  Phoenix  
  72  6:18  Fleet Beacon  
  78  6:20  Probe x2  
  80  6:32  Probe x2, Assimilator  
  82  6:36  Assimilator  
  82  6:37  Pylon  
  82  6:38  Nexus  
  82  6:44  Probe x2  
  82  6:45  Phoenix  
  86  6:56  Probe  
  86  6:58  Observer  
  88  7:10  Phoenix (Chrono Boost)  
  90  7:16  Gravitic Boosters  
  90  7:19  Zealot x2  
  90  7:21  Probe  
  90  7:22  Probe  
  96  7:27  Protoss Ground Weapons Level 1 (Chrono Boost), Protoss Ground Armor Level 1 (Chrono Boost), Phoenix (Chrono Boost)  
  96  7:29  Probe  
  99  7:31  Anion Pulse-Crystals  
  99  7:34  Probe  
  100  7:37  Probe  
  100  7:41  Probe  
  100  7:46  Probe  
  100  7:50  Probe, Stargate  
  100  7:51  Assimilator  
  102  7:52  Probe, Assimilator, Pylon  
  102  7:53  Probe  
  102  7:56  Pylon  
  102  7:57  Zealot x2  
  102  7:58  Protoss Air Weapons Level 2 (Chrono Boost), Probe  
  109  8:02  Probe  
  109  8:03  Gateway  
  109  8:04  Probe, Phoenix  
  109  8:05  Gateway  
  113  8:06  Gateway  
  113  8:07  Gateway  
  113  8:11  Pylon  
  113  8:23  Immortal  
  117  8:27  Robotics Facility  
  117  8:28  Pylon  
  123  8:36  Probe x4  
  123  8:39  Carrier (Chrono Boost)  
  127  8:45  Carrier (Chrono Boost)  
  127  8:48  Probe x2  
  135  8:51  Nexus  
  135  8:52  Pylon  
  135  9:00  Stalker  
  135  9:01  Stalker  
  139  9:03  Blink  
  139  9:24  Protoss Shields Level 1 (Chrono Boost)  
  139  9:37  Stargate  
  145  9:41  Assimilator  
  145  9:43  Carrier (Chrono Boost)  
  145  9:44  Assimilator  
  145  9:45  Pylon  
  151  9:46  Protoss Ground Weapons Level 2 (Chrono Boost)  
  151  9:48  Pylon  
  151  9:51  Pylon, Carrier (Chrono Boost)  
  151  9:54  Nexus  
  151  9:55  Pylon  
  151  10:02  Zealot  
  151  10:03  Zealot  
  155  10:09  Probe x4, Nexus  
  155  10:10  Pylon  
  159  10:27  Carrier (Chrono Boost)  
  173  10:38  Mothership  
  173  10:41  Carrier (Chrono Boost)  
  173  10:42  Assimilator  
  173  10:48  Assimilator  
  173  10:49  Gateway x2  
  179  10:50  Pylon  
  179  10:51  Pylon  
  179  11:00  Warp Prism  
  179  11:02  Carrier  
  187  11:07  Gateway  
  187  11:08  Gateway  
  187  11:30  Immortal  
  178  11:36  Immortal  
  174  11:48  Stalker x6  
Tags
 
Composition
CarriersMech
Matchup
PvT
Spawn Locations
Cross Positions
Add a new tag
Caveats
  • Supply blocks, unpowered buildings, or Contaminate may cause inaccurate times.
  • Supply counts are checked every 10 seconds.